 Dungeon Crawl Stone Soup version 0.29.0-13-gc9e81de378 (webtiles) character file.

Game seed: 17560937951607930889

163 SnakkuSnakku7 the Cudgeller (level 5, -2/32 HPs)
             Began as a Tengu Abyssal Knight on Sept 10, 2022.
             Was a Priest of Lugonu.
             Slain by a wolf (9 damage)
             ... on level 5 of the Dungeon.
             The game lasted 00:02:21 (1386 turns).

SnakkuSnakku7 the Cudgeller (Tengu Abyssal Knight)  Turns: 1386, Time: 00:02:22

Health: -2/32      AC:  5    Str: 15    XL:     5   Next: 44%
Magic:  7/7        EV: 12    Int: 10    God:    Lugonu [***...]
Gold:   77         SH:  3    Dex: 15    Spells: 4/4 levels left

rFire   . . .      SeeInvis .   a - +1 mace
rCold   . . .      Faith    .   k - +0 buckler
rNeg    . . .      Spirit   .   c - +0 ring mail
rPois   .          Reflect  .   (helmet restricted)
rElec   .          Harm     .   (no cloak)
rCorr   .          Rampage  .   (no gloves)
Will    .....                   (boots unavailable)
Stlth   +.........              (no amulet)
HPRegen 0.10/turn               (no ring)
MPRegen 0.10/turn               (no ring)

@: brilliant, flying quickly and evasively, quick
A: beak, talons 3, nimble flight
a: Renounce Religion, Depart the Abyss, Bend Space, Banish


You were on level 5 of the Dungeon.
You worshipped Lugonu.
Lugonu was most pleased with you.
You visited 1 branch of the dungeon, and saw 4 of its levels.
You visited the Abyss 1 time.

You collected 77 gold pieces.

Inventory:

Hand Weapons
 a - a +1 mace (weapon)
 e - a +1 dagger of venom
Missiles
 l - 2 poisoned darts
Armour
 b - a +0 leather armour
 c - a +0 ring mail (worn)
 k - a +0 buckler (worn)
Scrolls
 f - a scroll of fear {unknown}
 h - a scroll of acquirement {unknown}
 i - a scroll of poison
 j - a scroll of enchant armour {unknown}
 m - a scroll of vulnerability {unknown}
Potions
 g - a potion of brilliance


   Skills:
 - Level 3.0 Fighting
 + Level 5.0 Maces & Flails
 + Level 2.6 Throwing
 - Level 2.1 Armour
 - Level 1.1 Dodging
 - Level 1.5 Invocations


You had 4 spell levels left.
You didn't know any spells.
Your spell library contained the following spells:

 Spells                   Type           Power      Damage    Failure   Level
 Sublimation of Blood     Necr           0%         N/A       83%         2
 Petrify                  Tmut/Erth      0%         N/A       100%        4
 Irradiate                Conj/Tmut      0%         3d11      100%        5


Dungeon Overview and Level Annotations

Branches:
Dungeon (5/15)             Temple (0/1) D:5

Altars:


Innate Abilities, Weirdness & Mutations

You have a beak for a mouth.
You have claws for feet.
Your magical nature lets you fly swiftly and evasively.


Message History

Something hits you but does no damage.
Unknown command.
You closely miss something. Your kick misses something. Something hits you.
Unknown command.
You hit something. You claw something. Lugonu accepts your kill.
Reactivating autopickup.
You feel a bit more experienced. The wolf bites you.
Your Maces & Flails skill increases to level 5!
Unknown command.
You miss the wolf. Your kick misses the wolf. The wolf bites you.
The wolf closely misses you.
Unknown command.
Okay, then.
It was a potion of brilliance.
You feel clever all of a sudden. The wolf bites you.
Unknown command.
You miss the wolf. Your kick misses the wolf. Your peck misses the wolf.
The wolf completely misses you. x2
Unknown command.
The wolf misses you.
Unknown command.
You hit the wolf. Your kick misses the wolf. Your peck misses the wolf.
The wolf is moderately wounded.
The wolf completely misses you. You block the wolf's attack.
You completely miss the wolf.
The wolf is lightly wounded.
The wolf bites you.
* * * LOW HITPOINT WARNING * * *
The wolf misses you.
Unknown command.
You miss the wolf. Your peck misses the wolf.
The wolf is lightly wounded.
The wolf closely misses you. The wolf barely misses you.
Unknown command.
You hit the wolf. Your kick misses the wolf.
The wolf is heavily wounded.
The wolf closely misses you. The wolf bites you!
You die...

...#.....#
........#. .......
.> ..... # . .{ho
#.#. §o# ...####
#g# .#..## #h###
#...#
##§@.#####...#
#.°.........####
#.○.....☼......#
#..°°°○°°......##
#○°○☼°..☼.......#
#...○○.°..☼..##..##
#.°☼..°.○..○...###
#..#.#..........#
#.#####.....<).##


You could see a wolf and a gnoll.

Vanquished Creatures
  A howler monkey (D:4)
  2 hounds
  An orc wizard (D:5)
  A worm (D:2)
  2 orcs
  3 ball pythons
  7 bats
  3 endoplasms
  5 goblins
  4 hobgoblins
  3 jackals (D:4)
  3 quokkas
  A frilled lizard (D:1)
  3 kobolds (D:1)
39 creatures vanquished.

Notes
Turn   | Place    | Note
-------+----------+-------------------------------------------
     0 | Abyss:1  | SnakkuSnakku7 the Tengu Abyssal Knight began the quest for
                  | the Orb.
     0 | Abyss:1  | Reached XP level 1. HP: 14/14 MP: 3/3
     1 | D:1      | Escaped the Abyss
    92 | D:1      | Reached skill level 3 in Maces & Flails
    92 | D:1      | Reached XP level 2. HP: 14/19 MP: 4/4
   783 | D:2      | Reached XP level 3. HP: 23/23 MP: 5/5
   860 | D:2      | Reached *** piety under Lugonu
   920 | D:2      | You fall into a shaft and drop 2 floors!
   933 | D:4      | Reached skill level 4 in Maces & Flails
  1037 | D:4      | Reached skill level 1 in Throwing
  1037 | D:4      | Reached XP level 4. HP: 18/28 MP: 6/6
  1045 | D:4      | Noticed a phantom
  1058 | D:5      | Entered Level 5 of the Dungeon
  1354 | D:5      | Found a staircase to the Ecumenical Temple.
  1368 | D:5      | Noticed a wolf
  1376 | D:5      | Gained mutation: Your magical nature lets you fly swiftly
                  | and evasively. [Tengu growth]
  1376 | D:5      | Reached XP level 5. HP: 21/32 MP: 7/7
  1379 | D:5      | Reached skill level 5 in Maces & Flails
  1386 | D:5      | Slain by a wolf

Illustrated notes

Levels and vault maps discovered:
D:1:      wander_arrival_peaceful_grave, layout_basic
D:2:      layout_loops_ring, wander_ebering_terrifying_dragon_lair
D:4:      layout_cave_pools, led_sif_book, uniq_edmund
D:5:      layout_cave_pools, minmay_temple_entry_from_below_a,
          serial_gnoll_camp, gnoll_camp_mini_hut, gnoll_camp_mini_basic,
          gnoll_camp_mini_hut, gnoll_camp_mini_doghouse, minmay_statues_item,
          st_stairs_6, goddamned_bats, uniq_blork_the_orc

Skill      XL: |  1  2  3  4  5 |
---------------+----------------+-----
Maces & Flails | 3 4 5 |  5.0
Throwing       | 1 2 |  2.6
Fighting       | |  3.0
Armour         | |  2.1
Dodging        | |  1.1
Invocations    | |  1.5

Action                   |  1- 3 |  4- 6 || total
-------------------------+-------+-------++-------
Melee: Mace              |    68 |    28 ||    96
       Kick              |    11 |     6 ||    17
       Peck              |     6 |     2 ||     8
  Use: Scroll            |       |     2 ||     2
       Potion            |       |     1 ||     1
Armor: Leather armour    |     3 |       ||     3
       Ring mail         |    41 |     5 ||    46
Dodge: Dodged            |    56 |    20 ||    76
Block: Buckler           |     6 |     3 ||     9
